Cogmind - Beta 16 @@@ ROGUE MODE // 2026.01.09 @ 20:13:28 Player: AngelSpirit Result: Destroyed by LL-JT7(R) with Subdweller Laser Performance ------------- Evolutions (0) 0 Regions Visited (2) 400 Robots Destroyed (24) 120 Value Destroyed (468) 468 Prototype IDs (1) 20 Alien Tech Used (0) 0 Bonus (0) 0 TOTAL SCORE: 1008 Bonus ------- None Cogmind --------- Core Integrity 0/250 Matter 248/300 Energy 200/200 System Corruption 0% Temperature Cool (6) Movement Rolling (107) Ox1 Location -10/Subcaves Parts ------- > --- POWER (1) -------- Subdweller Power Source > --- PROPULSION (2) --- Wheel Subdweller Monowheel > --- UTILITY (2) ------ High-capacity Storage Unit Sensor Array > --- WEAPON (2) ------- Battle Rifle Subdweller Machine Gun > --- INVENTORY (20) --- Ion Engine Ion Engine Light Ion Engine Wheel Wheel Compact Wheel Compact Wheel Subdweller Monowheel Subdweller Monowheel High-capacity Matter Pod (200) Seismic Detector Hacking Suite Recalibrator Cobbler Unit Autogun Shotgun Peak State ------------ > --- POWER ------------ Subdweller Power Source > --- PROPULSION ------- Wheel Subdweller Monowheel > --- UTILITY ---------- High-capacity Storage Unit Sensor Array > --- WEAPON ----------- Subdweller Laser Autogun > --- INVENTORY -------- Ion Engine Ion Engine Light Ion Engine Wheel Wheel Compact Wheel Compact Wheel Subdweller Monowheel Subdweller Monowheel High-capacity Matter Pod Seismic Detector Hacking Suite Recalibrator Autogun Shotgun [Rating: 13] Favorites ----------- Power Ion Engine Engine Ion Engine Propulsion Improved Treads Treads Improved Treads Wheel Wheel Utility Seismic Detector Device Seismic Detector Storage Small Storage Unit Protection Light Armor Plating Weapon Autogun Energy Gun Subdweller Laser Ballistic Gun Autogun Special Weapon Mining Laser Build | -11 -10 -10 ------- Run | Yrd Mat Sub Slots Evolved . | . . . Power . | . . . Propulsion . | . . . Utility . | . . . Weapon . | . . . Parts Attached 29 | 7 17 5 Power 2 | 1 . 1 Engine 2 | 1 . 1 Core . | . . . Reactor . | . . . Propulsion 8 | 2 5 1 Treads 2 | . 2 . Leg . | . . . Wheel 6 | 2 3 1 Hover . | . . . Flight . | . . . Utility 5 | 2 3 . Device 2 | 1 1 . Storage 2 | 1 1 . Processor . | . . . Hackware . | . . . Protection 1 | . 1 . Artifact . | . . . Weapon 14 | 2 9 3 Energy Gun 1 | . . 1 Energy Cannon . | . . . Ballistic Gun 12 | 2 8 2 Ballistic Cannon . | . . . Launcher . | . . . Special Weapon 1 | . 1 . Impact Weapon . | . . . Slashing Weapon . | . . . Piercing Weapon . | . . . Special Melee Weapon . | . . . Unidentified Prototypes 1 | . 1 . Parts Lost 1 | . 1 . Power . | . . . Propulsion . | . . . Utility 1 | . 1 . Weapon . | . . . Highest Loss Streak 1 | . 1 . To Critical Strikes . | . . . Average Backups 9 | . 8 14 Power 1 | . 1 2 Propulsion 2 | . 2 5 Utility 2 | . 2 4 Weapon 3 | . 3 3 Tool/Special . | . . . Unused Backups 18 | . 5 13 Power 3 | . . 3 Propulsion 9 | . 4 5 Utility 6 | . 1 5 Weapon . | . . . Tool/Special . | . . . Average Slot Usage (%) 97 | . 96 100 Engine 14 | . 14 14 Treads 12 | . 16 . Wheel 15 | . 11 28 Device 11 | . 10 14 Storage 14 | . 14 14 Energy Gun 1 | . . 5 Ballistic Gun 26 | . 27 22 Peak Build Rating 13 | 7 12 13 Average Rating 11 | 5 11 11 On Entrance 6 | . 7 11 Avg Prop Armor Cover (%) . | . . . Naked Turns . | . . . Heaviest Build 54 | 14 52 54 Greatest Support 46 | 26 46 30 Greatest Overweight (x) 1 | . 1 1 Average Overweight (x) . | . . 1 Largest Inventory Capacity 20 | 8 20 20 Average Capacity 13 | 7 11 20 Most Carried 17 | 4 15 17 Average Carried 10 | . 9 15 Final Capacity 20 | 8 20 20 Final Carried 17 | 4 14 17 Class Distribution -------------------- 91% | Mutant 8% | Scavenger-Mutant Dominant Class ---------------- Mutant | -10/Materials Mutant | -10/Subcaves Resources | -11 -10 -10 ----------- Run | Yrd Mat Sub Matter Collected 1284 | 255 796 233 Remotely . | . . . Salvage Created 610 | 56 514 40 Parts 58 | 7 51 . Haulers Intercepted 2 | . 2 . Recyclers Shooed . | . . . Parts Field Recycled . | . . . Retrieved Matter . | . . . Parts Self-Destructed 4 | . . 4 Prevented . | . . . Parts Restored . | . . . Kills | -11 -10 -10 ------- Run | Yrd Mat Sub Combat Hostiles Destroyed 13 | . 12 1 Guns 13 | . 12 1 Classes Destroyed 7 | 1 5 1 Tunneler 2 | 2 . . Hauler 2 | . 2 . Operator 3 | . 3 . Turret 2 | . . 2 Watcher 2 | . 2 . Swarmer 7 | . 6 1 Grunt 6 | . 6 . Best Kill Streak 5 | 2 5 2 Combat Bots Only 3 | . 3 1 Max Kills in Single Turn 2 | 1 2 1 Gunslinging 1 | . 1 . Exploded . | . . . Melee . | . . . Uniques/NPCs Destroyed . | . . . Combat | -11 -10 -10 -------- Run | Yrd Mat Sub Hostile Shots Fired 129 | . 66 63 Missed 40 | . 9 31 Hits 89 | . 57 32 Projectile 89 | . 57 32 Damage Taken 916 | . 574 342 Core 256 | . 127 129 Absorbed by Shields . | . . . Core Remaining (%) 100 | 100 . . Volleys Fired 77 | 3 45 29 Largest 2 | 2 2 2 Hottest 100 | 40 100 90 Shots Fired 148 | 6 88 54 Gun 146 | 6 86 54 Cannon . | . . . Launcher . | . . . Special 2 | . 2 . Kinetic 141 | 6 86 49 Thermal 7 | . 2 5 Explosive . | . . . Electromagnetic . | . . . Robot Hit Streak 9 | 2 6 9 Robot Miss Streak 8 | 2 6 8 Penetration Max . | . . . Secondary Targets 2 | . 2 . Max Gunslinging Chain 1 | . 1 . Shots Hit Robots 79 | 2 49 28 Core Hits 34 | 2 25 7 Critical Kills 1 | . 1 . Critical Parts Destroyed . | . . . Critical Strikes 2 | . 1 1 Destroy 2 | . 1 1 Melee Attacks . | . . . Impact . | . . . Slashing . | . . . Piercing . | . . . Sneak Attacks . | . . . Combat Hostiles . | . . . Follow-up Attacks . | . . . Damage Inflicted 1205 | 48 788 369 Guns 1205 | 48 788 369 Cannons . | . . . Explosions . | . . . Melee . | . . . Ramming . | . . . Kinetic 1205 | 48 788 369 Thermal . | . . . Explosive . | . . . Electromagnetic . | . . . Impact . | . . . Slashing . | . . . Piercing . | . . . Highest Corruption . | . . . Average Corruption . | . . . Corruption Purged . | . . . Corruption Blocked . | . . . Overload Shots . | . . . Overflow Damage . | . . . Projectiles . | . . . Explosions . | . . . Melee . | . . . Knockbacks . | . . . Impact . | . . . Kinetic . | . . . Secondary . | . . . Self-Inflicted Damage . | . . . Shots . | . . . Rammed . | . . . Targets Rammed . | . . . Kicked . | . . . Crushed . | . . . Highest Temperature 40 | . 40 . Average Temperature 11 | . 11 . Received Heat Transfer 333 | . 144 189 Siege Activations . | . . . Martial Activations . | . . . Shielding Activations . | . . . Robots Disrupted . | . . . Combat Hostiles . | . . . Robots Corrupted . | . . . Combat Hostiles . | . . . Parts Fried . | . . . Impact Corruptions . | . . . Robots Melted . | . . . Combat Hostiles . | . . . Parts Melted . | . . . Heat Transferred . | . . . Parts Sabotaged . | . . . Parts Stolen . | . . . Parts Stripped . | . . . Power Chain Reactions . | . . . Alert | -11 -10 -10 ------- Run | Yrd Mat Sub Maximum Alert Level . | . . . Low Security (%) 100 | 100 100 . Level 1 . | . . . Level 2 . | . . . Level 3 . | . . . Level 4 . | . . . Level 5 . | . . . High Security . | . . . Max Security . | . . . Peak Influence 119 | 10 119 . Initial . | . . . Average 43 | . 46 . Influence Increases 549 | 10 404 135 Destroy 0b10 Robot/C 300 | . 240 60 Destroy 0b10 Robot/NC 50 | 10 40 . Destroy Leader 58 | . 58 . Successful Hack 34 | . 34 . Disable Machine 15 | . 15 . Destroy Structure 2 | . 2 . Lose Combat Pursuer 90 | . 15 75 Influence Decreases 534 | 10 336 188 Entered New Map 33 | . . 33 Time Decay 491 | 10 326 155 Lost Part 10 | . 10 . Squads Dispatched 2 | . 2 . Investigation 1 | . 1 . Extermination . | . . . Reinforcement 1 | . 1 . Assault . | . . . Garrison . | . . . Intercept . | . . . Searches Triggered . | . . . Construction Impeded . | . . . Haulers Reinforced . | . . . Active Scanning Responses . | . . . Cargo Convoy Interrupts . | . . . Stealth | -11 -10 -10 --------- Run | Yrd Mat Sub Distress Signals 2 | . 2 . Communications Jammed . | . . . Distress Signals . | . . . Times Spotted 28 | . 22 6 Peak Tracking Total 5 | . 5 3 Tactical Retreats 4 | . 2 2 Traps | -11 -10 -10 ------- Run | Yrd Mat Sub Traps Triggered 2 | . 2 . Indirectly . | . . . Trap Hack Attempts . | . . . Triggered . | . . . Disarmed . | . . . Reprogrammed . | . . . Reused . | . . . Traps Extracted . | . . . Installed . | . . . Triggered . | . . . Machines | -11 -10 -10 ---------- Run | Yrd Mat Sub Machines Disabled 1 | . 1 . Max in Single Turn 1 | . 1 . Machines Repaired . | . . . Machines Dismantled . | . . . Machines Sabotaged . | . . . Overloaded Fab Kills . | . . . Hacking | -11 -10 -10 --------- Run | Yrd Mat Sub Machines Accessed 9 | . 9 . Terminals 6 | . 6 . Fabricators . | . . . Repair Stations 1 | . 1 . Recycling Units 2 | . 2 . Scanalyzers . | . . . Garrison Access . | . . . Total Hacks 29 | . 29 . Successful 16 | . 16 . Failed 12 | . 12 . Catastrophic 4 | . 4 . Database Lockouts 1 | . 1 . Manual 17 | . 17 . Terminals 24 | . 24 . Fabricators . | . . . Repair Stations 2 | . 2 . Recycling Units 3 | . 3 . Scanalyzers . | . . . Garrison Access . | . . . Terminal Hacks 5 | . 5 . Robot Schematic 1 | . 1 . Terminal Index 1 | . 1 . Recall Investigation 1 | . 1 . Hauler Manifests 2 | . 2 . Fabricator Hacks . | . . . Repair Station Hacks . | . . . Recycling Unit Hacks 2 | . 2 . Retrieve Components 2 | . 2 . Scanalyzer . | . . . Garrison Access Hacks . | . . . Unauthorized Hacks 9 | . 9 . Terminals 9 | . 9 . Botnet 4 | . 4 . Skim 5 | . 5 . Fabricators . | . . . Repair Stations . | . . . Recycling Units . | . . . Scanalyzers . | . . . Garrison Access . | . . . Data Cores Recovered 2 | . 2 . Used 1 | . 1 . Hacking Detections 8 | . 8 . Full Trace Events 1 | . 1 . Feedback Events . | . . . Feedback Blocked . | . . . Robot Schematics Acquired 1 | . 1 . Robots Built . | . . . Authchips . | . . . Time . | . . . Total Robot Build Rating . | . . . Part Schematics Acquired . | . . . Parts Built . | . . . Authchips . | . . . Time . | . . . Total Part Build Rating . | . . . Part Studies Acquired . | . . . Parts Repaired . | . . . Time . | . . . Parts Recycled . | . . . Recycled Matter . | . . . Retrieved Matter . | . . . Retrieved Components 11 | . 11 . Parts Scanalyzed . | . . . Part Schematics Acquired . | . . . Parts Damaged . | . . . Bothacking | -11 -10 -10 ------------ Run | Yrd Mat Sub Used RIF Installer . | . . . Robots Hacked . | . . . Non-combat . | . . . Combat . | . . . Robot Hacks Applied . | . . . Relay Couplers Released . | . . . Fabnet Peak Effective % . | . . . Robots Rewired . | . . . Allies Hacked . | . . . Hacks Repelled . | . . . Allies | -11 -10 -10 -------- Run | Yrd Mat Sub Total Allies . | . . . Largest Group . | . . . Highest-Rated Group . | . . . Highest-Rated Ally . | . . . Total Orders . | . . . Ally Attacks . | . . . Total Damage . | . . . Kills . | . . . Allies Corrupted . | . . . Allies Melted . | . . . Intel | -11 -10 -10 ------- Run | Yrd Mat Sub Active Infowar (turns) 1350 | 4 947 399 Sensors 400 | . 1 399 Seismic 950 | 4 946 . Robot Analysis Total . | . . . Derelict Logs Recovered . | . . . Drone Launches . | . . . Drone Recoveries . | . . . Exploration | -11 -10 -10 ------------- Run | Yrd Mat Sub Turns Passed 1739 | 70 1270 399 Spaces Moved 1060 | 53 776 231 Core 1 | 1 . . Treads 383 | . 383 . Legs . | . . . Wheels 676 | 52 393 231 Hover . | . . . Flight . | . . . Fastest Speed 50 | 50 80 105 Average Speed 123 | 90 130 106 Slowest Speed 160 | 100 160 107 Overloaded Moves . | . . . Propulsion Burnouts . | . . . Robots Hopped . | . . . Potential Cave-ins . | . . . Cave-ins Triggered . | . . . Exploration Rate (%) 41 | 3 98 22 Regions Visited 2 Branch Regions 1 Pre-discovered Areas . | . . . Known Exits Taken . | . . . Unknown Exits Taken 2 | 1 1 . Scrap Searched 1 | . . 1 Spaces Dug . | . . . Terrain Destroyed . | . . . Melee . | . . . Projectile . | . . . AOE . | . . . Terrain Rammed . | . . . Walls Destroyed . | . . . Machines Disabled . | . . . Actions | -11 -10 -10 --------- Run | Yrd Mat Sub Total 1354 | 66 956 332 Wait 113 | . 64 49 Move 1058 | 52 775 231 Hop . | . . . Pick Up 32 | 4 21 7 Fast Attach 21 | 7 11 3 Attach 4 | . 3 1 Detach 3 | . 3 . Swap 17 | . 13 4 Drop 28 | . 20 8 Fire 77 | 3 45 29 Melee . | . . . Ram . | . . . Kick . | . . . Crush . | . . . Escape Stasis . | . . . Rewire 1 | . 1 . Trap . | . . . Miscellaneous . | . . . Route ------- -11/Scrapyard -10/Materials (discovered 5 exits: *Mat x3 / [*Min] / [*Sub]) -10/Subcaves (discovered 3 exits: [*Mat] / [*Rec] / [*Scr]) History --------- Turn | Location | Event 31 | -11/Scrapyard | Discovered new exit (range 16) 71 | -11/Scrapyard | Entered Materials 235 | -10/Materials | Discovered new exit (range 16) 304 | -10/Materials | Discovered new exit (range 16) 314 | -10/Materials | Build established: Mutant 442 | -10/Materials | Central database locked down 571 | -10/Materials | Derelicts attacked the area 1040 | -10/Materials | Core integrity fell below 50% 1090 | -10/Materials | Discovered new exit (range 13) 1144 | -10/Materials | Discovered new exit (range 15) 1256 | -10/Materials | Identified exit to Materials 1313 | -10/Materials | Loaded intel: 7 terminal locations 1328 | -10/Materials | Discovered new exit (range 13) 1341 | -10/Materials | Entered Subcaves 1342 | -10/Subcaves | Approached by a straggling Scientist 1466 | -10/Subcaves | Scientist uncovered a shortcut to Scraptown 1523 | -10/Subcaves | Discovered new exit (range 9) 1590 | -10/Subcaves | A swath of the cavern ceiling suddenly collapsed 1605 | -10/Subcaves | Shifting Twisted Machinery released Sub. Machine Gun 1662 | -10/Subcaves | Shifting Twisted Machinery released Flamer 1694 | -10/Subcaves | Discovered new exit (range 10) 1709 | -10/Subcaves | Disturbed a concealed Subdweller 1725 | -10/Subcaves | Core integrity fell below 20% 1728 | -10/Subcaves | Disturbed a concealed Subdweller 1740 | -10/Subcaves | Destroyed by LL-JT7(R) with Subdweller Laser Last Messages --------------- 01615_ Acquired Sub. Machine Gun. 01622_ Acquired 5 matter. 01650_ Acquired 6 matter. Flamer falls loose from the Twisted Machinery. 01694_ EXIT=FOUND 01698_ Sub. Laser shoots sparks and powers down. 01705_ Searching scrap... 01705_ Found Battle Rifle. 01705_ Found 66 Matter. 01706_ Acquired 66 matter. 01707_ Dropped Broken Sub. Laser. 01707_ Acquired Battle Rifle. 01709_ N0-DO8(R) angrily emerges from the Twisted Machinery. 01710_ N0-DO8(R): "WTFDYTYA!" 01725_ N0-DO8(R) suffers critical hit (Destroy). 01728_ LL-JT7(R) angrily emerges from the Twisted Machinery. 01729_ N0-DO8(R) affixes Scrap Shield Fragment to Scrap Shield. Map ----- +----------------------------------------------------+ | ?????????????????????????????????????????????????? | | ?????????????????????????????????????????????????? | | ?????????????????????????????????????????????????? | | ?????????????????????????????????????????????????? | | ?????????????????????????????????????????????????? | | ?????????????????????????????????????????????????? | | ?????????????????????????????????????????????????? | | ?????????????????????????????????????????????????? | | ?????????????????????????????????????????????????? | | ????????????????????????????????????????????????? | | ????????????????????????????????????????????????? | | ????????????????????#??????????????????????????? | | ???????????????????## ?????????????????????????# | | ??????????????###### ##??????????????????????# | | ?????????????? #????????????????????# | | ?????????????? ##?????????????##### ? | | ?????????????? #?????????????# #?? | | ????????????? #????#######??# #?? | | ????????????? ###### ## #### #?? | | ????????????? ## #???? | | ??????????????? #???? | | ??????????????????????### ## #???? | | ????????????????????????# # [## ### ##???? | | ????????????????????????#R##< "# #?##### ##????? | | ????????????????????????# R &"# #?????## ##????? | | ????????????????????????#@#$" $# ??????# ###?#" | | ????????????????????????# #""### ??????# ###" | | ????????????????????????# ####? ?????# ##" | | ????????????????????????# ????## ?????## " | | ????????????????????????###??????